 Dungeon Crawl Stone Soup version 0.27-a0-394-g49c82dfaf2 (webtiles) character file.

Game seed: 1955522428787665288

66 sahdkjhfkaj the Shield-Bearer (level 3, 0/33 HPs)
             Began as a Draconian Fighter on Feb 20, 2021.
             Slain by Sigmund
             ... wielding a +0 scythe
              (8 damage)
             ... on level 2 of the Dungeon.
             The game lasted 00:03:12 (1309 turns).

sahdkjhfkaj the Shield-Bearer (Draconian Fighter)   Turns: 1309, Time: 00:03:12

Health: 0/33       AC:  5    Str: 18    XL:     3   Next: 96%
Magic:  3/3        EV: 10    Int:  9    God:
Gold:   90         SH:  9    Dex: 10    Spells: 2/2 levels left

rFire    . . .     SeeInvis .   a - +3 short sword (flame)
rCold    . . .     Faith    .   b - +0 kite shield
rNeg     . . .     Spirit   .   (armour unavailable)
rPois    .         Reflect  .   (helmet restricted)
rElec    .         Harm     .   (no cloak)
rCorr    .         Rampage  .   (no gloves)
Will     .....                  (no boots)
Stlth    +.........             (no amulet)
HPRegen  0.11/turn              (no ring)
MPRegen  0.08/turn              (no ring)

@: no status effects
A: unfitting armour, cold-blooded, AC +5
a: no special abilities


You were on level 2 of the Dungeon.
You visited 1 branch of the dungeon, and saw 2 of its levels.

You collected 90 gold pieces.

Inventory:

Hand Weapons
 a - a +3 short sword of flaming (weapon)
Armour
 b - a +0 kite shield (worn)
Jewellery
 f - a ring of wizardry {unknown}
Wands
 k - a wand of iceblast (2)
Scrolls
 e - a scroll of fog {!r, unknown}
 g - a scroll of blinking {!r, unknown}
 i - a scroll of identify {!r}
 j - a scroll of enchant armour {!r}
Potions
 c - a potion of might {!q}
 h - a potion of cancellation {!q, unknown}
 l - a potion of resistance {!q, unknown}
 m - a potion of curing {!q, unknown}


   Skills:
 + Level 4.0 Fighting
 - Level 2.0 Short Blades
 - Level 2.6 Dodging
 * Level 4.3 Shields


You had 2 spell levels left.
You didn't know any spells.
Your spell library was empty.

Dungeon Overview and Level Annotations

Branches:
Dungeon (2/15)

Altars:

Annotations:
D:2 Sigmund


Innate Abilities, Weirdness & Mutations

Your plain brown scales are hard. (AC +5)
You cannot fit into any form of body armour.
You are cold-blooded and may be slowed by cold attacks.


Message History

The kobold throws a stone.
You block the stone. Sigmund asks, "Do you like me?"
Sigmund gestures at himself while chanting.
Sigmund flickers and vanishes!
Deactivating autopickup; reactivate with Ctrl-A.
You block the bat's attack. You block the bat's attack.
The bat barely misses you. The bat hits you but does no damage.
The bat hits you but does no damage. The bat barely misses you.
You block the bat's attack. The kobold barely misses you.
The bat hits you but does no damage. Something hits you!
* * * LOW HITPOINT WARNING * * *
The kobold closely misses you. The bat hits you but does no damage.
The bat hits you but does no damage. The kobold barely misses you.
The bat hits you but does no damage. The bat hits you but does no damage.
The bat hits you but does no damage. You block the bat's attack.
You hit the bat. You burn the bat.
You kill the bat!
Something hits you!
* * * LOW HITPOINT WARNING * * *
Okay, then.
The kobold throws a stone.
You block the stone.
The kobold throws a stone.
The stone barely misses you.
A magic dart appears from out of thin air!
The magic dart hits you.
* * * LOW HITPOINT WARNING * * *
Really read
i - 2 scrolls labelled COCEOWN RIAQ {!r}?
As you read the scroll labelled COCEOWN RIAQ {!r}, it crumbles to dust.
It is a scroll of identify.
j - a scroll of enchant armour {!r} Really read
d - a scroll labelled JAGGOM CETYIKK {!r}?
As you read the scroll labelled JAGGOM CETYIKK {!r}, it crumbles to dust.
You feel aware of your surroundings.
It was a scroll of magic mapping {!r}.
Something hits you!
You die...

####.### #...........
#.# #....†...... #K#
##.......... #.#
#........... ##.#
#........... #..#
#........... #.##
#...........
######.######.........#.
#......@...###.......##.
#..........##........##.
#.................##.##.
#.................##.###
#.....................##
#.......................
#.................###.#.
########................
#................


There were no monsters in sight!

Vanquished Creatures
  A worker ant (D:2)
  An adder (D:2)
  A dart slug (D:1)
  A giant cockroach (D:1)
  2 goblins (D:2)
  6 hobgoblins
  3 jackals (D:1)
  7 bats
  A frilled lizard (D:1)
  5 kobolds
  4 rats (D:1)
32 creatures vanquished.

Notes
Turn   | Place    | Note
-------+----------+-------------------------------------------
     0 | D:1      | sahdkjhfkaj the Draconian Fighter began the quest for the
                  | Orb.
     0 | D:1      | Reached XP level 1. HP: 19/19 MP: 1/1
   246 | D:1      | Reached XP level 2. HP: 26/26 MP: 2/2
   817 | D:2      | Reached XP level 3. HP: 16/33 MP: 3/3
  1289 | D:2      | Noticed Sigmund
  1309 | D:2      | Slain by Sigmund

Illustrated notes

Levels and vault maps discovered:
D:1:      giann_forest_graveyard, layout_basic
D:2:      layout_rooms, uniq_sigmund

Skill      XL: |  1  2  3 |
---------------+----------+-----
Shields        | 4 |  4.3
Fighting       | 4 |  4.0
Short Blades   | |  2.0
Dodging        | |  2.6

Action                   || total
-------------------------++-------
Melee: Rapier            ||    37
       Tailslap          ||     4
       Short sword       ||    39
  Use: Potion            ||     1
       Scroll            ||     2
Armor: Skin              ||    42
Dodge: Dodged            ||    52
Block: Kite shield       ||    55

Table legend: (Time is in decaauts)
 A = Elapsed time spent in this place.
 B = Non-inter-level travel time spent in this place.
 C = Inter-level travel time spent in this place.
 D = Time resting spent in this place.
 E = Time spent auto-exploring this place.
 F = Levels seen in this place.
 G = Mean time per level.
                   A        B        C        D        E       F      G
               +--------+--------+--------+--------+--------+-----+--------+
         Total |   1339 |   1256 |     83 |     13 |   1013 |   2 |  669.5 |
       Dungeon |   1339 |   1256 |     83 |     13 |   1013 |   2 |  669.5 |
               +--------+--------+--------+--------+--------+-----+--------+

Top non-repeatable levels by time:
     D:1: 871 daAuts
     D:2: 468 daAuts
